 Dungeon Crawl Stone Soup version 0.22.0-21-g8bd1b0a76a (webtiles) character file.

53 IceCat the Shooter (level 3, -7/29 HPs)
             Began as a Centaur Hunter on Aug 20, 2018.
             Mangled by Crazy Yiuf
             ... wielding a +2 quarterstaff of chaos
              (9 damage)
             ... on level 2 of the Dungeon.
             The game lasted 00:02:20 (855 turns).

IceCat the Shooter (Centaur Hunter)                  Turns: 855, Time: 00:02:20

Health: -7/29      AC:  5    Str: 19    XL:     3   Next: 62%
Magic:  3/3        EV:  9    Int: 10    God:
Gold:   27         SH:  0    Dex: 12    Spells: 2/2 levels left

rFire    . . .     SeeInvis .   a - +1 shortbow
rCold    . . .     Gourm    .   (shield currently unavailable)
rNeg     . . .     Faith    .   c - +0 leather armour
rPois    .         Spirit   .   (no helmet)
rElec    .         Reflect  .   l - +0 cloak
rCorr    .         Harm     .   (no gloves)
MR       .....                  (no barding)
Stlth    +.........             (no amulet)
HPRegen  0.09/turn              g - +2 ring of dexterity
MPRegen  0.08/turn              j - ring of wizardry

@: mighty, lethally poisoned (-7 -> -16), hasted, drained, very quick
A: large, hooves 3, deformed body, speed 2, tough skin 3
a: no special abilities


You were on level 2 of the Dungeon.
You were not hungry.

You visited 1 branch of the dungeon, and saw 2 of its levels.

You collected 27 gold pieces.

Inventory:

Hand Weapons
 a - a +1 shortbow (weapon)
 b - a +0 short sword
Missiles
 d - 23 arrows (quivered)
Armour
 c - a +0 leather armour (worn)
 l - a +0 cloak (worn)
Jewellery
 g - a +2 ring of dexterity (left hand)
 j - a ring of wizardry (right hand)
Scrolls
 e - a scroll of magic mapping {unknown}
 h - 2 scrolls of identify {unknown}
 k - 2 scrolls of teleportation {unknown}
 m - a scroll of random uselessness {unknown}
 o - a scroll of remove curse {unknown}
Potions
 i - a potion of might
Comestibles
 f - a ration


   Skills:
 + Level 2.2(1.9) Fighting
 + Level 6.9(6.6) Bows
 + Level 0.1(0.0) Armour
 + Level 1.5(1.2) Dodging
 + Level 0.4(0.2) Stealth


You had 2 spell levels left.
You didn't know any spells.
Your spell library was empty.

Dungeon Overview and Level Annotations

Branches:
Dungeon (2/15)

Altars:

Annotations:
D:2 Crazy Yiuf


Innate Abilities, Weirdness & Mutations

You have hooves in place of feet.
Armour fits poorly on your strangely shaped body.
You cover ground very quickly.
You have extremely tough skin. (AC +3)


Message History

* * * LOW HITPOINT WARNING * * *
Crazy Yiuf freezes you.
* * * LOW HITPOINT WARNING * * *
It was a potion of might.
You feel very mighty all of a sudden.
* * * LOW HITPOINT WARNING * * *
You feel sick. Crazy Yiuf barely misses you.
It was a potion of haste.
You feel yourself speed up.
* * * LOW HITPOINT WARNING * * *
You feel sick. Crazy Yiuf hits you but does no damage.
You are too injured to fight recklessly!
You are too injured to fight recklessly!
Firing (i - inventory)
d - 24 arrows (quivered)
Press: ? - help, Shift-Dir - straight line, f/p - Crazy Yiuf
Aim: Crazy Yiuf, wielding a quarterstaff of chaos and wearing a cloak (almost dead)
You shoot an arrow. The arrow barely misses Crazy Yiuf.
* * * LOW HITPOINT WARNING * * *
You feel sick.
Crazy Yiuf hits you with a quarterstaff of chaos!
You die...

### ###### #)..###
##....####
#((.g@####......#.##
#...##..#..........#
### ###.#....###)##
######## #.# #.#
######## #.#
#......# #.#
######.### #.#
#.....# ###(#


You could see Crazy Yiuf.

Vanquished Creatures
  An adder (D:2)
  An ooze (D:1)
  A worm (D:2)
  A leopard gecko (D:1)
  A ball python (D:1)
  A bat (D:1)
  A giant cockroach (D:1)
  5 goblins
  4 hobgoblins (D:1)
  7 jackals (D:1)
  2 frilled lizards (D:1)
  2 kobolds (D:2)
  6 rats
33 creatures vanquished.

Notes
Turn   | Place    | Note
-------+----------+-------------------------------------------
     0 | D:1      | IceCat the Centaur Hunter began the quest for the Orb.
     0 | D:1      | Reached XP level 1. HP: 17/17 MP: 1/1
    49 | D:1      | Reached XP level 2. HP: 22/24 MP: 2/2
    53 | D:1      | Reached skill level 6 in Bows
   409 | D:1      | Reached XP level 3. HP: 29/29 MP: 3/3
   841 | D:2      | Found a runed door.
   845 | D:2      | Noticed Crazy Yiuf
   855 | D:2      | Mangled by Crazy Yiuf

Skill      XL: |  1  2 |
---------------+-------+-----
Bows           | 6 |  6.9
Fighting       | |  2.2
Armour         | |  0.1
Dodging        | |  1.5
Stealth        | |  0.4

Action                   || total
-------------------------++-------
 Fire: Shortbow          ||    89
  Use: Potion            ||     2
Armor: Leather armour    ||    21
Dodge: Dodged            ||    14
